 Dungeon Crawl Stone Soup version 0.23.2 (webtiles) character file.

Game seed: 12696466426621550941

262 Kairos the Skirmisher (level 5, 0/48 HPs)
             Began as a Minotaur Wanderer on Apr 2, 2019.
             Hit by a goblin thrown by Robin (1 damage)
             ... on level 4 of the Dungeon.
             The game lasted 00:03:53 (2319 turns).

Kairos the Skirmisher (Minotaur Wanderer)           Turns: 2319, Time: 00:03:54

Health: 0/48       AC: 11    Str: 16    XL:     5   Next: 97%
Magic:  4/4        EV:  5    Int: 12    God:
Gold:   171        SH:  0    Dex:  8    Spells: 4/4 levels left

rFire    . . .     SeeInvis .   i - +0 spear
rCold    . . .     Gourm    .   (no shield)
rNeg     + . .     Faith    .   h - +0 plate armour
rPois    +         Spirit   .   (helmet restricted)
rElec    .         Reflect  .   (no cloak)
rCorr    .         Harm     .   (no gloves)
MR       .....                  (no boots)
Stlth    ..........             (no amulet)
HPRegen  0.16/turn              q - ring of positive energy
MPRegen  0.09/turn              j - ring of poison resistance

@: no status effects
A: retaliatory headbutt, horns 2
a: no special abilities


You were on level 4 of the Dungeon.
You were hungry.

You visited 1 branch of the dungeon, and saw 4 of its levels.

You collected 171 gold pieces.

Inventory:

Hand Weapons
 a - a +0 short sword
 c - a +0 hand crossbow
 f - a +0 dagger
 i - a +0 spear (weapon)
Missiles
 d - 26 bolts
Armour
 h - a +0 plate armour (worn)
Jewellery
 j - a ring of poison resistance (right hand)
 q - a ring of positive energy (left hand)
 u - an uncursed ring of ice
Wands
 b - a wand of flame (15)
Scrolls
 e - a scroll of fear
 k - 2 scrolls of amnesia
 n - a scroll of identify
 p - a scroll of remove curse
Potions
 l - a potion of heal wounds
 m - a potion of invisibility
 r - a potion of brilliance
 s - 2 potions of might {unknown}
 t - a potion of degeneration {unknown}
Comestibles
 g - 8 rations


   Skills:
 + Level 5.3 Fighting
 + Level 3.8(4.0) Polearms
   Level 1.2(2.7) Staves
 + Level 1.6 Crossbows
 + Level 1.0 Throwing
 + Level 2.8 Armour
 + Level 0.8 Dodging
 + Level 2.5 Stealth
 + Level 1.0 Evocations


You had 4 spell levels left.
You didn't know any spells.
Your spell library was empty.

Dungeon Overview and Level Annotations

Branches:
Dungeon (4/15)
 Temple: D:4-7

Altars:
Xom

Shops:
D:4 !

Annotations:
D:4 Robin


Innate Abilities, Weirdness & Mutations

You reflexively headbutt those who attack you in melee.
You have a pair of horns on your head.


Message History

* * * LOW HITPOINT WARNING * * *
You hit the ogre.
You kill the ogre!
Your base Polearms skill increases to level 3!
The goblin hits you.
* * * LOW HITPOINT WARNING * * *
Your plate armour prevents you from hitting the goblin.
The goblin hits you but does no damage.
You barely miss the goblin. You headbutt the goblin.
You kill the goblin!
A hobgoblin comes into view.
A hobgoblin comes into view. It is wielding a +0 club.
A goblin comes into view. It is wielding a +0 dagger.
A goblin comes into view.
Found 10 gold pieces.
Robin of the Strong Arm comes into view.
She is wielding a +0 dagger.
The goblin shouts!
The hobgoblin shouts!
The goblin shouts!
A goblin comes into view.
A hobgoblin comes into view.
Robin throws the goblin at you!
You die...

#.#########. #.# #####
#.#######. #. .....
.......... #.##...
..#######.###.#...##
### ........## #
###.....$.#### #
#.^...g.....$. #
#.#...@...# #####
#.#......### ....#
#.∩.∩)....g.. ###.#
#....#......gg #
#.#######.∩.∩.........
#
#...........#####....g
# ############# .##gg
# .# .. #


You could see Robin, 3 hobgoblins and 3 goblins.

Vanquished Creatures
  An ogre (D:4)
  An orc priest (D:3)
  8 adders
  A worm (D:3)
  A dart slug (D:1)
  5 leopard geckos
  4 orcs
  A giant cockroach (D:3)
  10 goblins
  7 hobgoblins
  3 jackals (D:2)
  2 ball pythons
  8 bats
  4 frilled lizards
  8 kobolds
  A leopard gecko skeleton (D:4)
  10 rats
75 creatures vanquished.

Vanquished Creatures (others)
  7 toadstools (D:1)
7 creatures vanquished.

Grand Total: 82 creatures vanquished

Notes
Turn   | Place    | Note
-------+----------+-------------------------------------------
     0 | D:1      | Kairos the Minotaur Wanderer began the quest for the Orb.
     0 | D:1      | Kairos set off with the following items: a +0 short sword,
                  | a wand of flame (15), a +0 hand crossbow, 26 bolts, a +0
                  | robe, a +0 dagger, a ration
     0 | D:1      | Reached XP level 1. HP: 19/19 MP: 0/0
   149 | D:1      | Reached skill level 4 in Fighting
   160 | D:1      | Reached XP level 2. HP: 23/28 MP: 1/1
   401 | D:1      | You fall through a shaft!
   479 | D:2      | Reached XP level 3. HP: 27/34 MP: 2/2
   551 | D:2      | Reached skill level 5 in Fighting
   906 | D:2      | Reached XP level 4. HP: 42/42 MP: 3/3
  1259 | D:2      | Reached skill level 1 in Polearms
  1466 | D:3      | Found a shimmering altar of Xom.
  1803 | D:3      | Reached XP level 5. HP: 40/48 MP: 4/4
  2303 | D:4      | Found Vieczoge's Distillery.
  2305 | D:4      | Noticed an ogre
  2314 | D:4      | HP: 1/48 [ogre/+0 giant spiked club (17)]
  2315 | D:4      | Killed an ogre
  2319 | D:4      | Noticed Robin
  2319 | D:4      | Hit by a goblin thrown by Robin

Skill      XL: |  1  2  3  4  5 |
---------------+----------------+-----
Fighting       | 4 5 |  5.3
Stealth        | 2 |  2.5
Polearms       | 2 3 |  3.8
Armour         | 2 |  2.8
Staves         | |  1.2
Crossbows      | |  1.6
Throwing       | |  1.0
Dodging        | |  0.8
Evocations     | |  1.0

Action                   |  1- 3 |  4- 6 || total
-------------------------+-------+-------++-------
Melee: Spear             |    89 |   149 ||   238
       Short sword       |     6 |       ||     6
       Headbutt          |     5 |    13 ||    18
  Use: Scroll            |     3 |     5 ||     8
       Potion            |       |     1 ||     1
 Stab: Sleeping          |     5 |       ||     5
  Eat: Chunk             |       |     4 ||     4
Armor: Robe              |     9 |       ||     9
       Leather armour    |    17 |       ||    17
       Ring mail         |       |    19 ||    19
       Plate armour      |       |    32 ||    32
Dodge: Dodged            |    56 |    32 ||    88
